 Dungeon Crawl Stone Soup version 0.18-a0-1390-gc02854d (webtiles) character file.

107 Oracle the Skirmisher (level 4, -15/35 HPs)
             Began as a Mummy Chaos Knight on Feb 22, 2016.
             Demolished by a shadow (22 damage)
             ... summoned by the capriciousness of Xom
             ... on level 2 of the Dungeon.
             The game lasted 00:05:13 (7400 turns).

Oracle the Skirmisher (Mummy Chaos Knight)          Turns: 7400, Time: 00:05:13

Health: -15/35     AC:  6    Str: 16    XL:     4   Next: 57%
Magic:  4/4        EV: 11    Int: 11    God:    Xom [..*...]
Gold:   43         SH:  0    Dex: 11    Spells: 0 memorised, 3 levels left

rFire  x . .     SeeInvis .     f - +3 short sword (speed)
rCold  + . .     Gourm    .     b - +3 leather armour
rNeg   + + +     Faith    .     (no shield)
rPois  ∞         Spirit   .     (no helmet)
rElec  .         Dismiss  .     (no cloak)
rCorr  .         Reflect  .     (no gloves)
SustAt .         Harm     .     (no boots)
MR     .....                    (no amulet)
Stlth  +.........               (no ring)
                                (no ring)

@: not resistant to hostile enchantments, very unstealthy
A: no food or potions, fire vulnerability, cold resistance 1, negative energy
resistance 3, torment resistance, unbreathing
a: Renounce Religion


You were on level 2 of the Dungeon.
You worshipped Xom.
You were a toy of Xom.
You were not hungry.

You visited 1 branch of the dungeon, and saw 2 of its levels.

You collected 43 gold pieces.

Inventory:

Hand Weapons
 a - a +0 falchion of chaos
 f - a +3 short sword of speed (weapon)
Armour
 b - a +3 leather armour (worn)
Jewellery
 e - an uncursed ring of protection from cold {unknown}
 h - an uncursed amulet of guardian spirit {unknown}
Scrolls
 c - a scroll of noise {unknown}
 d - a scroll of magic mapping {unknown}
 i - a scroll of identify {unknown}


   Skills:
 + Level 3.5 Fighting
 + Level 0.5(1.9) Short Blades
 + Level 2.9(3.0) Long Blades
 + Level 2.3 Armour
 + Level 1.7 Dodging
 + Level 0.8 Stealth


You had 3 spell levels left.
You didn't know any spells.

Dungeon Overview and Level Annotations

Branches:
Dungeon (2/15)

Altars:


Innate Abilities, Weirdness & Mutations

You do not eat or drink.
Your flesh is vulnerable to fire.
You are immune to poison.
Your flesh is cold resistant.
You are immune to negative energy.
You are immune to unholy pain and torment.
You can survive without breathing.


Message History

* * * LOW HITPOINT WARNING * * *
Xom is interested.
Reactivating autopickup.
Read which item? (? for menu, Esc to quit)
Okay, then.
Evoke which item? (* to show all) (? for menu, Esc to quit)
Aiming: Phantom Mirror
Press: ? - help, Dir - move target cursor, f - shadow
Aim: a shadow (summoned)
You reflect the shadow with the mirror, and the mirror shatters!
Your shadow misses the shadow.
You stop training Evocations.
Your shadow closely misses something.
The shadow slips into darkness.
The shadow flickers and vanishes!
Deactivating autopickup; reactivate with Ctrl-A.
Your shadow hits something!
The shadow strikes at you from the darkness!
Ouch! That really hurt!
You die...
Xom thinks this is hilarious!

#.# #.##.#..##.## ##.#
#.#####.#.#..#.#.###.#.
#>#...........#......†.
#.#.....###..#...######
#............##.##
###.....####.##.# .
#.....# #.##.# ..##
########.######.##.# .
..# .........@.........#
..#..#
########........##.#
....#.# ####.######.#
##...###########.######.#
#...†............W......#
#....###########.######.#
#.....# #.# #.# #.#.##
#.# #.# # # #.######.#


You could see a friendly shadow.

Vanquished Creatures
  2 adders (D:2)
  An ooze (D:2)
  5 worms (D:2)
  2 dart slugs (D:1)
  A giant gecko (D:2)
  5 bats
  5 giant cockroaches
  10 goblins
  8 hobgoblins
  3 quokkas
  3 giant newts
  5 kobolds
  4 rats
54 creatures vanquished.

Vanquished Creatures (collateral kills)
  An adder (D:2)
1 creature vanquished.

Grand Total: 55 creatures vanquished

Notes
Turn   | Place    | Note
--------------------------------------------------------------
     0 | D:1      | Oracle the Mummy Chaos Knight began the quest for the Orb.
     0 | D:1      | Reached XP level 1. HP: 18/18 MP: 1/1
   227 | D:1      | XOM: divination: magic mapping
   340 | D:1      | Reached XP level 2. HP: 24/24 MP: 2/2
   493 | D:1      | XOM: confuse monster(s)
   569 | D:1      | Reached skill level 1 in Dodging
   923 | D:1      | XOM: vitrification
  1836 | D:1      | XOM: god gift: scroll labeled VAMAUQ NYRULI
  2146 | D:1      | XOM is BORED!
  2146 | D:1      | XOM: medium Summ miscast
  2147 | D:1      | Noticed a sixfirhy
  2755 | D:1      | XOM: smoke on damage
  2911 | D:1      | Reached XP level 3. HP: 24/29 MP: 3/3
  3144 | D:1      | XOM: god gift: phantom mirror
  3469 | D:1      | XOM is BORED!
  3469 | D:1      | XOM: mild Hex miscast
  3616 | D:1      | XOM: harmless Fire miscast
  3779 | D:1      | XOM: harmless Ice miscast
  3786 | D:1      | XOM: summons 1 hostile demon
  3898 | D:1      | XOM: colour smoke trail
  4619 | D:1      | XOM: noise
  4688 | D:1      | Noticed a vampire mosquito
  4946 | D:1      | XOM: colour smoke trail
  5022 | D:1      | XOM: summons 1 hostile demon
  5056 | D:1      | XOM: vitrification
  5124 | D:1      | XOM: harmless Hex miscast
  5378 | D:1      | Noticed a vampire mosquito
  5381 | D:1      | Noticed a vampire mosquito
  5382 | D:1      | Noticed a vampire mosquito
  6076 | D:1      | XOM: medium Necr miscast
  6218 | D:2      | XOM: 1-stop teleportation journey
  6245 | D:2      | XOM: harmless Divn miscast
  6249 | D:2      | Reached XP level 4. HP: 14/35 MP: 4/4
  6708 | D:1      | XOM: medium Conj miscast
  6708 | D:1      | XOM: smoke on damage
  6727 | D:1      | XOM: vitrification
  6824 | D:1      | XOM: mild Hex miscast
  6895 | D:2      | XOM: harmless Ice miscast
  7382 | D:2      | XOM: medium Necr miscast
  7383 | D:2      | Noticed a shadow
  7383 | D:2      | Noticed a shadow
  7400 | D:2      | Demolished by a shadow

Vault maps used:
D:1:      sevenhm_arrival_forest_fort_large_4, serial_forest,
          infiniplex_forest_clump_tiny, infiniplex_forest_end_2,
          infiniplex_forest_clump_tiny, infiniplex_forest_fountain,
          infiniplex_forest_clump_diagonal, infiniplex_forest_clump_curved,
          infiniplex_forest_straight_3, infiniplex_forest_join,
          infiniplex_forest_end_double, infiniplex_forest_diagonal
D:2:      serial_glass, glass_columns_a, glass_columns_a, roderic_roman_lattice

Skill      XL: |  1  2  3 |
---------------+----------+-----
Dodging        | 1 |  1.7
Armour         | 2 |  2.3
Fighting       | |  3.5
Short Blades   | |  0.5
Long Blades    | |  2.9
Stealth        | |  0.8

Action                   |  1- 3 |  4- 6 || total
-------------------------+-------+-------++-------
Melee: Falchion          |   104 |       ||   104
       Short sword       |    50 |    65 ||   115
Evoke: Phantom mirror    |       |     1 ||     1
  Use: Scroll            |     3 |       ||     3
 Stab: Sleeping          |       |     1 ||     1
